 Dungeon Crawl Stone Soup version 0.29.1-2-gbd0b4ee654 (webtiles) character file.

Game seed: 7893167619492221139

755 xian the Schismatic (level 7, -4/54 HPs)
             Began as a Demonspawn Abyssal Knight on Nov 29, 2022.
             Was an Elder of Lugonu.
             Slain by an orc
             ... wielding a +0 morningstar
              (9 damage)
             ... on level 5 of the Dungeon.
             The game lasted 00:13:39 (6014 turns).

xian the Schismatic (Demonspawn Abyssal Knight)     Turns: 6014, Time: 00:13:40

Health: -4/54      AC:  5    Str: 16    XL:     7   Next: 49%
Magic:  10/10      EV:  7    Int: 11    God:    Lugonu [****..]
Gold:   282        SH: 13    Dex: 17    Spells: 6/6 levels left

rFire   . . .      SeeInvis .   a - +1 short sword
rCold   . . .      Faith    .   f - +0 tower shield
rNeg    . . .      Spirit   .   g - +0 ring mail
rPois   +          Reflect  .   (no helmet)
rElec   .          Harm     .   (no cloak)
rCorr   .          Rampage  .   (no gloves)
Will    +....                   (no boots)
Stlth   +++.......              (no amulet)
HPRegen 0.18/turn               k - ring of poison resistance
MPRegen 0.12/turn               q - ring of willpower

@: lethally poisoned (-4 -> -11)
A: thin skeletal structure 2, spiny 1
a: Renounce Religion, Depart the Abyss, Bend Space, Banish, Corrupt


You were on level 5 of the Dungeon.
You worshipped Lugonu.
Lugonu was greatly pleased with you.
You visited 1 branch of the dungeon, and saw 5 of its levels.
You visited the Abyss 1 time.

You collected 296 gold pieces.
You spent 14 gold pieces at shops.

Inventory:

Hand Weapons
 a - a +1 short sword (weapon)
Missiles
 e - 4 boomerangs
 p - 12 poisoned darts (quivered)
Armour
 f - a +0 tower shield (worn)
 g - a +0 ring mail (worn)
Magical Staves
 i - a staff of fire
Jewellery
 k - a ring of poison resistance (left hand)
 q - a ring of willpower (right hand)
Scrolls
 c - a scroll of teleportation
 d - a scroll of summoning
 l - a scroll of fear
 n - a scroll of poison
 r - a scroll of butterflies
Potions
 b - a potion of flight {unknown}
 h - a potion of lignification
 j - a potion of brilliance
 o - a potion of heal wounds {unknown}


   Skills:
 + Level 4.1 Fighting
 + Level 3.3 Short Blades
 + Level 0.8 Throwing
 + Level 3.6 Armour
 + Level 2.3 Dodging
 + Level 1.7 Stealth
 + Level 3.3 Shields
 * Level 4.6 Invocations


You had 6 spell levels left.
You didn't know any spells.
Your spell library contained the following spells:

 Spells                   Type           Power      Damage    Failure   Level
 Necrotise                Necr           0%         1d4       100%        1
 Ensorcelled Hibernation  Hex/Ice        0%         N/A       100%        2
 Ignite Poison            Fire/Tmut/Pois 0%         N/A       100%        3
 Mephitic Cloud           Conj/Pois/Air  0%         N/A       100%        3
 Spider Form              Tmut/Pois      0%         N/A       100%        3
 Vampiric Draining        Necr           0%         2d6       100%        3
 Anguish                  Hex/Necr       0%         N/A       100%        4
 Agony                    Necr           0%         N/A       100%        5
 Freezing Cloud           Conj/Ice/Air   0%         6-21      100%        5


Dungeon Overview and Level Annotations

Branches:
Dungeon (5/15)             Temple (0/1) D:4

Altars:
Cheibriados
Dithmenos
Qazlal
Sif Muna
Uskayaw

Shops:
D:2 [   D:4 !


Innate Abilities, Weirdness & Mutations

You have a moderately thin skeletal structure. (Dex +4, Stealth++)
You are partially covered in sharp spines.


Message History

The water moccasin poisons you! You block the water moccasin's attack.
You closely miss the water moccasin.
The water moccasin is moderately wounded.
You feel very sick.
The water moccasin is struck by your spines.
The water moccasin bites you but does no damage.
You closely miss the water moccasin.
The water moccasin is moderately wounded.
You feel very sick. The water moccasin barely misses you.
You block the water moccasin's attack.
You hit the water moccasin but do no damage.
The water moccasin is moderately wounded.
You feel sick.
The water moccasin is struck by your spines.
The water moccasin bites you.
You are lethally poisoned!
The water moccasin poisons you!
The water moccasin is struck by your spines.
The water moccasin bites you but does no damage.
You hit the water moccasin.
You kill the water moccasin!
Lugonu accepts your kill.
* * * LOW HITPOINT WARNING * * *
You feel very sick.
An orc comes into view. It is wielding a +0 morningstar.
You hear the brisk hiss of an avalanche of sand nearby.
* * * LOW HITPOINT WARNING * * *
You feel very sick.
You see here a water moccasin corpse.
An orc comes into view. It is wielding a +0 war axe.
* * * LOW HITPOINT WARNING * * *
You feel sick.
An orc wizard comes into view. It is wielding a +1 dagger of venom.
* * * LOW HITPOINT WARNING * * *
You feel very sick. The orc is struck by your spines.
You kill the orc!
Lugonu accepts your kill. The orc hits you with a +0 morningstar!
You die... ... .# #.# ##.# #.. ..... #.. .oo

#.#...
#####.#.#
#....o).# .
###@#.#.#..
#...#.#....
#..†....#
#.......#
#.#.#.#....
#.#†#.# ##.
###.#.#.####..#
#..)....$.....#
#.#.#.#.####..#


You could see an orc wizard and 2 orcs.

Vanquished Creatures
  A water moccasin (D:5)
  A phantom (D:4)
  A kobold brigand (D:4)
  A necrophage (D:5)
  A scorpion (D:3)
  A howler monkey (D:5)
  A hound (D:4)
  2 orc priests (D:3)
  A jelly (D:4)
  An iguana (D:4)
  Ijyb (D:5)
  3 adders
  4 gnolls (D:2)
  An ufetubus (D:3)
  3 dart slugs
  5 orcs
  8 ball pythons
  11 endoplasms
  2 giant cockroaches (D:1)
  7 goblins
  7 hobgoblins
  11 jackals
  9 kobolds
  3 quokkas
  9 bats
  2 frilled lizards
  8 rats
105 creatures vanquished.

Vanquished Creatures (others)
  22 fungi (D:5)
22 creatures vanquished.

Grand Total: 127 creatures vanquished

Notes
Turn   | Place    | Note
-------+----------+-------------------------------------------
     0 | Abyss:1  | xian the Demonspawn Abyssal Knight began the quest for the
                  | Orb.
     0 | Abyss:1  | Reached XP level 1. HP: 18/18 MP: 2/2
    34 | Abyss:1  | Found a corrupted altar of Lugonu.
   132 | Abyss:1  | Noticed a smoke demon
   135 | Abyss:1  | Noticed a raiju
   138 | Abyss:1  | Noticed a small abomination
   184 | D:1      | Escaped the Abyss
   292 | D:1      | Reached ** piety under Lugonu
   493 | D:1      | Gained mutation: You have a somewhat thin skeletal
                  | structure. (Dex +2, Stealth+) [demonic ancestry]
   493 | D:1      | Reached XP level 2. HP: 22/24 MP: 3/3
   686 | D:1      | You fall into a shaft and drop 1 floor!
  1002 | D:2      | Gained mutation: You have a moderately thin skeletal
                  | structure. (Dex +4, Stealth++) [demonic ancestry]
  1002 | D:2      | Reached XP level 3. HP: 29/29 MP: 4/4
  1024 | D:2      | Reached skill level 1 in Dodging
  1804 | D:1      | Found a faded altar of an unknown god.
  2289 | D:2      | Reached skill level 1 in Shields
  2530 | D:2      | Reached *** piety under Lugonu
  2581 | D:2      | Found Afeeffo's Antique Armour Shoppe.
  2660 | D:2      | Reached XP level 4. HP: 22/37 MP: 5/5
  3218 | D:3      | Gained mutation: You are partially covered in sharp spines.
                  | [demonic ancestry]
  3218 | D:3      | Reached XP level 5. HP: 36/42 MP: 7/7
  3658 | D:3      | Found a hide-covered altar of Uskayaw.
  3776 | D:3      | Found a shadowy altar of Dithmenos.
  3934 | D:3      | Reached skill level 1 in Stealth
  4133 | D:3      | Reached XP level 6. HP: 37/48 MP: 8/8
  4251 | D:4      | Found Garaurgh's Distillery.
  4265 | D:4      | Bought a potion of degeneration for 14 gold pieces
  4500 | D:4      | Found a shimmering blue altar of Sif Muna.
  4503 | D:4      | Found a snail-covered altar of Cheibriados.
  4853 | D:4      | Reached **** piety under Lugonu
  5548 | D:4      | Found a staircase to the Ecumenical Temple.
  5628 | D:4      | Found a stormy altar of Qazlal.
  5644 | D:5      | Entered Level 5 of the Dungeon
  5644 | D:5      | Noticed Ijyb
  5662 | D:5      | Killed Ijyb
  5679 | D:4      | HP: 2/48 [phantom (5)]
  5683 | D:4      | Reached XP level 7. HP: 2/54 MP: 8/10
  6014 | D:5      | Slain by an orc

Illustrated notes

Levels and vault maps discovered:
D:1:      dpeg_arrival_windows_large_door, layout_rooms, basic_ecumenical_altar,
          chequers_serial_rivers_large_b, minmay_small_reverse_x
D:2:      layout_loops_ring, serial_shops, nicolae_shop_statue_plus
D:3:      minmay_octagon_keep, layout_rooms, mainiacjoe_overflow_alcove_1,
          nicolae_uskayaw_murder_on_the_dancefloor, serial_curves,
          eino_curves_03, eino_curves_04
D:4:      layout_loops_ring, nicolae_qazlal_eye_of_the_storm,
          mainiacjoe_overflow_divided_tiny, nicolae_elyvilon_temple_path,
          temple_green, serial_shops, nicolae_square_shop, chequers_avenue
D:5:      layout_basic, nicolae_ru_sacrificial_ziggurat,
          nicolae_ossuary_entry_plus, serial_aquarium, aquarium_bridge_straight
          [aquarium_subvault_bridge, aquarium_subvault_balcony,
          aquarium_subvault_bridge, aquarium_subvault_wall],
          aquarium_bridge_long_joined [aquarium_subvault_bridge,
          aquarium_subvault_balcony, aquarium_subvault_bridge,
          aquarium_subvault_balcony, aquarium_subvault_wall,
          aquarium_subvault_wall], aquarium_window_2, aquarium_window_fake,
          aquarium_window_2, aquarium_window_1, aquarium_view_2d,
          aquarium_view_4, aquarium_balcony_1b, aquarium_pool_2,
          uniq_blork_the_orc, uniq_ijyb

Skill      XL: |  1  2  3  4  5  6 |
---------------+-------------------+-----
Short Blades   | 2 3 |  3.3
Dodging        | 1 2 |  2.3
Armour         | 2 3 |  3.6
Shields        | 1 2 3 |  3.3
Stealth        | 1 |  1.7
Invocations    | 3 4 |  4.6
Fighting       | 4 |  4.1
Throwing       | |  0.8

Action                   |  1- 3 |  4- 6 |  7- 9 || total
-------------------------+-------+-------+-------++-------
Melee: Short sword       |   158 |   210 |    18 ||   386
Throw: Boomerang         |    11 |    17 |       ||    28
       Dart              |       |     1 |       ||     1
Invok: Depart the Abyss  |     1 |       |       ||     1
  Use: Scroll            |     2 |     4 |     1 ||     7
       Potion            |       |     4 |       ||     4
 Stab: Sleeping          |     3 |     4 |     1 ||     8
Armor: Leather armour    |    57 |    11 |       ||    68
       Skin              |       |     7 |       ||     7
       Ring mail         |       |    34 |     4 ||    38
Dodge: Dodged            |    69 |    41 |     4 ||   114
Block: Tower shield      |   148 |   171 |     8 ||   327
